 Dungeon Crawl Stone Soup version 0.24-a0-613-g1ff6aac338 (webtiles) character file.

Game seed: 7342263039221815419, levelgen mode: deterministic

9 Jorund the Chopper (level 2, 22/22 HPs)
             Began as a Demonspawn Gladiator on Sept 12, 2019.
             Quit the game on level 1 of the Dungeon.
             The game lasted 00:01:00 (495 turns).

Jorund the Chopper (Demonspawn Gladiator)            Turns: 495, Time: 00:01:00

Health: 22/22      AC:  4    Str: 14    XL:     2   Next: 3%
Magic:  2/2        EV: 12    Int:  9    God:
Gold:   29         SH:  0    Dex: 14    Spells: 1/1 levels left

rFire    . . .     SeeInvis .   a - +0 war axe
rCold    . . .     Gourm    .   (no shield)
rNeg     . . .     Faith    .   b - +0 leather armour
rPois    .         Spirit   .   c - +0 helmet
rElec    .         Reflect  .   (no cloak)
rCorr    .         Harm     .   (no gloves)
MR       .....                  (no boots)
Stlth    +.........             (no amulet)
HPRegen  0.07/turn              (no ring)
MPRegen  0.08/turn              (no ring)

@: no status effects
A: hooves 1
a: no special abilities


You were on level 1 of the Dungeon.
You were not hungry.

You visited 1 branch of the dungeon, and saw 1 of its levels.

You collected 29 gold pieces.

Inventory:

Hand Weapons
 a - a +0 war axe (weapon)
Missiles
 d - 3 throwing nets (quivered)
Armour
 b - a +0 leather armour (worn)
 c - a +0 helmet (worn)
Scrolls
 e - 2 scrolls of magic mapping {unknown}
 h - a scroll of identify {unknown}
 i - a scroll of enchant armour {unknown}
Potions
 g - a potion of curing {unknown}
 j - a potion of degeneration {unknown}
Comestibles
 f - 3 rations


   Skills:
 + Level 2.1 Fighting
 + Level 3.1 Axes
 - Level 1.7 Throwing
 + Level 0.3 Armour
 - Level 2.6 Dodging


You had one spell level left.
You didn't know any spells.
Your spell library was empty.

Dungeon Overview and Level Annotations

Branches:
Dungeon (1/15)

Altars:
Nemelex Xobeh


Innate Abilities, Weirdness & Mutations

You have large cloven feet.


Message History

A bat is nearby!
A bat is nearby!
The bat hits you. The bat hits you but does no damage.
A bat is nearby!
A bat is nearby!
You completely miss the bat. The bat completely misses you.
The bat hits you but does no damage. x2
You barely miss the bat. The bat hits you but does no damage.
The bat misses you. The bat barely misses you.
You barely miss the bat. The bat barely misses you. The bat closely misses you.
You barely miss the bat. The bat barely misses you.
The bat hits you but does no damage. x2
You slash the bat!
You kill the bat!
You have reached level 2!
You feel monstrous as your demonic heritage exerts itself.
Your demonic ancestry asserts itself...
Your feet thicken and deform.
Are you sure you want to abandon this character and quit the game? (Confirm with "yes".)

####.####..............#.........
#.................#.#..#######
#############.........># #
#.....#.##.# # #########.##.# #
..........##.# # #####...###.# #
##.#######.#.# #.# #
.......@...#.# #.# #
###[########.# #.# #.# #.# #.#
#.# #.# ..#


There were no monsters in sight!

Vanquished Creatures
  4 bats (D:1)
  A goblin (D:1)
  A hobgoblin (D:1)
  2 rats (D:1)
8 creatures vanquished.

Notes
Turn   | Place    | Note
-------+----------+-------------------------------------------
     0 | D:1      | Jorund the Demonspawn Gladiator began the quest for the
                  | Orb.
     0 | D:1      | Reached XP level 1. HP: 16/16 MP: 1/1
    95 | D:1      | Found a sparkling altar of Nemelex Xobeh.
   460 | D:1      | Reached skill level 3 in Axes
   494 | D:1      | Gained mutation: You have large cloven feet. [demonic
                  | ancestry]
   494 | D:1      | Reached XP level 2. HP: 22/22 MP: 2/2
   495 | D:1      | Quit the game

Levels and vault maps discovered:
D:1:      scummos_arrival_forest, layout_basic, hex_intersection,
          kennysheep_another_room, nemelex_diamond_rough_becter

Skill      XL: |  1 |
---------------+----+-----
Axes           | 3 |  3.1
Fighting       | |  2.1
Throwing       | |  1.7
Armour         | |  0.3
Dodging        | |  2.6

Action                   || total
-------------------------++-------
Melee: War axe           ||    31
 Stab: Sleeping          ||     1
Armor: Leather armour    ||    15
Dodge: Dodged            ||    30

Table legend:
 A = Non-vault XP
 B = Vault XP
 C = Vault XP percentage of total XP
 D = Non-vault monster count
 E = Vault monster count
 F = Vault count percentage of total count
                 A         B        C        D         E       F
            +---------+---------+-------+---------+---------+-------
      Total |      13 |       0 |   0.0 |       8 |       0 |   0.0
            +---------+---------+-------+---------+---------+-------
        D:1 |      13 |       0 |   0.0 |       8 |       0 |   0.0
            +---------+---------+-------+---------+---------+-------
